AoeStats
← Cuchodark_79

Arena

510459009Analyzed
1v1 RM · 12h ago on Oct 1, 2026· 32m 29s· 2 players
Game mode
Random Map
Map size
Tiny (2 player)
Population
200
Speed
Normal
Resources
Standard
Victory
Conquest
Starting age
Dark Age
Ending age
Imperial Age
RankedLock teamsTeams togetherTeam positionsShared explorationLock speedFull tech treeHidden civsTurbo modeCheats
Victory
Defeat
🇨🇱 Mapuche · Chile
1033
+17
🇨🇦 Khmer · Canada
1052
-17
Cuchodark_79
4:35 Loom
10:25 Feudal Age
14:25 Castle Age
12:37 Double-Bit Axe
12:43 Double-Bit Axe
13:16 Horse Collar
13:29 Stone Mining
15:30 Gold Mining
16:44 Bow Saw
27:55 Imperial Age
25:13 Horse Collar
27:07 Heavy Plow
27:51 Town Watch
28:46 Fletching
32:31 Wheelbarrow
32:34 Gold Shaft Mining
Playforfun
11:33 Feudal Age
14:50 Castle Age
13:26 Double-Bit Axe
14:20 Gold Mining
15:01 Loom
16:09 Bow Saw
29:59 Imperial Age
27:07 Pikeman
28:47 Wheelbarrow
29:47 Bloodlines
30:05 Cavalier
30:48 Husbandry
31:49 Halberdier
Connection lost

Rejoining the realm…

Still unreachable

The connection could not be restored.

Session expired

The server has moved on; the page needs a fresh start.